 Seeded DCSS version 0.32-a0-999-gfa1cc04 (webtiles) character file.

Game seed: 5374850585704956338 (custom seed)

950043 PurpleRed the Axe Maniac (level 27, -28/168 HPs)
             Began as a Vine Stalker Brigand on Apr 22, 2024.
             Was the Champion of the Shining One.
             Annihilated by an iron giant
             ... wielding a +0 giant spiked club
              (37 damage)
             ... on level 5 of the Iron City of Dis on Apr 24, 2024.
             The game lasted 04:36:42 (26357 turns).

PurpleRed the Axe Maniac (Vine Stalker Brigand)    Turns: 26357, Time: 04:36:42

Health: -28/168    AC: 37    Str: 32 (33) XL:     27
Magic:  0/44       EV: 22    Int: 11      God:    the Shining One [******]
Gold:   2482       SH: 14    Dex: 26      Spells: 58/58 levels left

rFire   + + .        Z - +9 executioner's axe (holy)
rCold   + + +        (shield currently unavailable)
rNeg    + + +        o - +10 gold dragon scales
rPois   +            N - +5 hat of Xeteo {rF+ rC+ rCorr}
rElec   .            X - scarf of Good Intentions {repulsion, Fly Will- Dex+6 Slay+6}
rCorr   +            d - +2 pair of gloves {Dex+3}
SInv    .            c - +1 pair of boots of Amorality {Will+++}
Will    +++++        C - amulet of regeneration Stlth
                     v - +5 ring of evasion
HPRegen 2.08/turn    i - +6 ring of strength
MPRegen 0.29/turn

%: repel missiles, guardian spirit
@: divinely shielded, flying, glowing, studying 6 skills, corroded
A: fangs 3, regeneration 1, magic shield, antimagic bite, no potion heal 2,
horns 1, iridescent scales 1, cold resistance 1, inability to drink after injury
1, [deterioration 1]
}: 10/15 runes: barnacled, slimy, silver, abyssal, demonic, glowing, magical,
fiery, dark, gossamer
a: Renounce Religion, Divine Shield, Cleansing Flame, Summon Divine Warrior


You were on level 5 of the Iron City of Dis.
You worshipped the Shining One.
The Shining One was exalted by your worship.
You visited 14 branches of the dungeon, and saw 62 of its levels.
You visited Pandemonium 1 time, and saw 16 of its levels.
You visited the Abyss 3 times.
You visited 1 bazaar.
You also visited: Trove, Gauntlet, Ice Cave and Wizlab.

You collected 9025 gold pieces.
You spent 6543 gold pieces at shops.

Inventory:

Hand Weapons
 n - the +9 executioner's axe "Nurphafam" {protect, rPois Stlth+}
   (You found it in a treasure trove)

   rPois:     It protects you from poison.
   Stlth+:    It makes you more stealthy.
 G - a +1 hand cannon of freezing
 Z - a +9 executioner's axe of holy wrath (weapon)
Missiles
 f - 11 curare-tipped darts
 H - 33 silver javelins
Armour
 c - the +1 pair of boots of Amorality (worn) {Will+++}
   (You found it in a treasure trove)

   Will+++:   It greatly increases your willpower.
 d - a +2 pair of gloves of dexterity (worn)
 l - the +0 cloak of the Floral God {rC+ Str+2 SInv Stlth+}
   (You found it in a Gauntlet)

   Str+2:     It affects your strength (+2).
   rC+:       It protects you from cold.
   SInv:      It lets you see invisible.
   Stlth+:    It makes you more stealthy.
 o - +10 gold dragon scales (worn)
 u - the +1 pair of boots of Obluloq {Str+3 Slay+3}
   (You bought it in a shop on level 8 of the Dungeon)

   Str+3:     It affects your strength (+3).
   Slay+3:    It affects your accuracy & damage with ranged weapons and melee
   (+3).
 A - the +3 hat of Pondering {ponderous, Will+ MP+10 Int+5}
   (You took it off Gastronok on level 1 of the Lair of Beasts)

   Int+5:     It affects your intelligence (+5).
   Will+:     It increases your willpower.
   MP+10:     It affects your magic capacity (+10).
 N - the +5 hat of Xeteo (worn) {rF+ rC+ rCorr}
   (You found it on level 1 of the Orcish Mines)

   rF+:       It protects you from fire.
   rC+:       It protects you from cold.
   rCorr:     It protects you from acid and corrosion.
 W - the +0 cloak of Contentment {rElec rC+}
   (You found it in a Gauntlet)

   rC+:       It protects you from cold.
   rElec:     It insulates you from electricity.
 X - the scarf of Good Intentions (worn) {repulsion, Fly Will- Dex+6 Slay+6}
   (Okawaru gifted it to you on level 5 of the Lair of Beasts)

   Dex+6:     It affects your dexterity (+6).
   Slay+6:    It affects your accuracy & damage with ranged weapons and melee
   (+6).
   Will-:     It decreases your willpower.
   Fly:       It grants you flight.
Jewellery
 h - the ring "Jaet" {AC+4 Dex+6 SInv Stlth+}
   (You found it in a treasure trove)

   [ring of protection]

   AC+4:      It affects your AC (+4).
   Dex+6:     It affects your dexterity (+6).
   SInv:      It lets you see invisible.
   Stlth+:    It makes you more stealthy.
 i - a +6 ring of strength (right hand)
 j - the ring "Enipovud" {rElec rPois rC+ Dex-5 Stlth+}
   (You found it in an ice cave)

   [ring of protection from cold]

   Dex-5:     It affects your dexterity (-5).
   rC+:       It protects you from cold.
   rElec:     It insulates you from electricity.
   rPois:     It protects you from poison.
   Stlth+:    It makes you more stealthy.
 v - a +5 ring of evasion (left hand)
 w - the ring "Nevai" {rF+ rC- rN+ rCorr Slay+2}
   (You found it on level 3 of the Shoals)

   [ring of positive energy]

   Slay+2:    It affects your accuracy & damage with ranged weapons and melee
   (+2).
   rF+:       It protects you from fire.
   rC-:       It makes you vulnerable to cold.
   rN+:       It protects you from negative energy.
   rCorr:     It protects you from acid and corrosion.
 C - an amulet of regeneration (around neck)
 I - a ring of protection from fire
 Q - the brooch of Shielding {Spirit SH+8}
   (You found it on level 5 of the Vaults)

   [amulet of guardian spirit]

   Spirit:    It causes incoming damage to be divided between your reserves of
   health and magic.
   SH+8:      It affects your SH (+8).
 V - the ring "Decruh" {Ice rPois Str-5 Int+5}
   (You took it off Josephina on level 3 of the Crypt)

   [ring of ice]

   Ice:       It enhances your ice magic.
   Str-5:     It affects your strength (-5).
   Int+5:     It affects your intelligence (+5).
   rF-:       It makes you vulnerable to fire.
   rC+:       It protects you from cold.
   rPois:     It protects you from poison.
Talismans
 D - a talisman of death
Wands
 e - a wand of paralysis (4)
 t - a wand of iceblast (27)
 B - a wand of digging (34)
 M - a wand of acid (28)
Scrolls
 a - 8 scrolls of fear
 g - 3 scrolls of silence
 k - 8 scrolls of fog
 m - 3 scrolls of enchant weapon
 p - 10 scrolls of blinking
 q - a scroll of summoning
 y - a scroll of brand weapon
 F - 15 scrolls of teleportation
 L - 5 scrolls of revelation
 R - 3 scrolls of immolation
Potions
 b - 5 potions of resistance
 r - 17 potions of curing
 s - 3 potions of enlightenment
 x - 6 potions of attraction
 z - 3 potions of lignification
 E - 6 potions of might
 K - a potion of invisibility
 O - 5 potions of haste
 P - 4 potions of berserk rage
 S - 8 potions of ambrosia
 T - 4 potions of cancellation
 U - a potion of magic
 Y - 6 potions of mutation
Miscellaneous
 J - a lightning rod (4/4)


   Skills:
 + Level 24.8 Fighting
 - Level 1.7 Short Blades
 O Level 27 Axes
 - Level 1.7 Throwing
 - Level 18.0 Armour
 + Level 14.9 Dodging
 - Level 4.8 Stealth
 - Level 16.0 Spellcasting
 + Level 20.8 Invocations


You had 58 spell levels left.
You didn't know any spells.
Your spell library contained the following spells:

 Spells                   Type           Power      Damage    Failure   Level
 Apportation              Tloc           16%        N/A       56%         1
 Foxfire                  Conj/Fire      32%        2x1d5     56%         1
 Freeze                   Ice            32%        1d5       56%         1
 Kiss of Death            Conj/Necr      32%        2d7       56%         1
 Necrotise                Necr           32%        1d5       56%         1
 Shock                    Conj/Air       32%        1d5       56%         1
 Blink                    Tloc           16%        N/A       71%         2
 Call Imp                 Summ           16%        N/A       71%         2
 Cigotuvi's Dreadful Rot  Necr/Alch/Air  16%        N/A       71%         2
 Ensorcelled Hibernation  Hex/Ice        16%        N/A       71%         2
 Jinxbite                 Hex            16%        N/A       71%         2
 Lesser Beckoning         Tloc           16%        N/A       71%         2
 Mercury Vapours          Alch/Air       16%        N/A       71%         2
 Momentum Strike          Conj/Tloc      16%        3d8       71%         2
 Scorch                   Fire           16%        2d5       71%         2
 Sublimation of Blood     Necr           8%         N/A       71%         2
 Dazzling Flash           Conj/Hex       16%        N/A       91%         3
 Frozen Ramparts          Ice            16%        1d3       91%         3
 Fugue of the Fallen      Necr           8%         N/A       91%         3
 Hailstorm                Conj/Ice       8%         3d5       91%         3
 Inner Flame              Hex/Fire       8%         N/A       91%         3
 Mephitic Cloud           Conj/Alch/Air  8%         N/A       91%         3
 Ozocubu's Armour         Ice            8%         N/A       91%         3
 Passwall                 Erth           8%         N/A       91%         3
 Sigil of Binding         Hex            8%         N/A       91%         3
 Stone Arrow              Conj/Erth      16%        3d8       91%         3
 Summon Ice Beast         Ice/Summ       8%         N/A       91%         3
 Swiftness                Air            8%         N/A       91%         3
 Tukima's Dance           Hex            8%         N/A       91%         3
 Volatile Blastmotes      Fire/Tloc      16%        2d11      91%         3
 Airstrike                Air            4%         2d(1-17)  100%        4
 Anguish                  Hex/Necr       4%         N/A       100%        4
 Animate Armour           Summ/Erth      16%        N/A       100%        4
 Animate Dead             Necr           8%         N/A       100%        4
 Brom's Barrelling Bould  Conj/Erth      8%         2d3       100%        4
 Dispel Undead            Necr           8%         3d8       100%        4
 Fulminant Prism          Conj/Alch      4%         3d5       100%        4
 Ignite Poison            Fire/Alch      8%         N/A       100%        4
 Leda's Liquefaction      Alch/Erth      4%         N/A       100%        4
 Martyr's Knell           Necr/Summ      8%         N/A       100%        4
 Petrify                  Alch/Erth      8%         N/A       100%        4
 Sticky Flame             Fire/Alch      8%         2d4       100%        4
 Summon Blazeheart Golem  Fire/Summ      8%         N/A       100%        4
 Summon Lightning Spire   Summ/Air       8%         N/A       100%        4
 Alistair's Intoxication  Alch           5%         N/A       100%        5
 Arcjolt                  Conj/Air       4%         1d14      100%        5
 Borgnjor's Vile Clutch   Necr/Erth      4%         N/A       100%        5
 Freezing Cloud           Conj/Ice/Air   4%         6-21      100%        5
 Irradiate                Conj/Alch      4%         3d13      100%        5
 Iskenderun's Battlesphe  Conj           8%         2d6       100%        5
 Lee's Rapid Deconstruct  Erth           4%         3d5*      100%        5
 Metabolic Englaciation   Hex/Ice        4%         N/A       100%        5
 Silence                  Hex/Air        4%         N/A       100%        5
 Summon Mana Viper        Hex/Summ       8%         N/A       100%        5
 Bombard                  Conj/Erth      4%         9d2       100%        6
 Death Channel            Necr           4%         N/A       100%        6
 Eringya's Noxious Bog    Alch           4%         4d6       100%        6
 Plasma Beam              Fire/Air       4%         2x1d14    100%        6
 Sculpt Simulacrum        Ice/Alch       4%         N/A       100%        6
 Starburst                Conj/Fire      4%         6d3       100%        6
 Haunt                    Necr/Summ      4%         N/A       100%        7
 Magnavolt                Erth/Air       4%         3d10      100%        7
 Malign Gateway           Summ/Tloc      4%         N/A       100%        7
 Monstrous Menagerie      Summ           4%         N/A       100%        7
 Ozocubu's Refrigeration  Ice            4%         4d8       100%        7
 Rimeblight               Ice/Necr       4%         2d4       (prima100%   7
 Seismic Cannonade        Alch/Erth      4%         6d5       100%        7
 Spellforged Servitor     Conj/Summ      4%         N/A       100%        7
 Summon Hydra             Summ           4%         N/A       100%        7
 Borgnjor's Revivificati  Necr           4%         N/A       100%        8
 Fulsome Fusillade        Conj/Alch      4%         (3-5)d4   100%        8
 Ignition                 Fire           4%         3d4       100%        8
 Infestation              Necr           4%         N/A       100%        8
 Lehudib's Crystal Spear  Conj/Erth      4%         10d3      100%        8
 Maxwell's Capacitive Co  Air            4%         ∞         100%        8
 Summon Horrible Things   Summ           4%         N/A       100%        8
 Death's Door             Necr           4%         N/A       100%        9
 Fire Storm               Conj/Fire      4%         8d1       100%        9
 Polar Vortex             Ice            4%         N/A       100%        9
 Shatter                  Erth           4%         3d7*      100%        9


Dungeon Overview and Level Annotations

Branches:
Dungeon (15/15)            Temple (1/1) D:6            Lair (5/5) D:9
 Shoals (4/4) Lair:3       Spider (4/4) Lair:2        Slime (5/5) Lair:4
    Orc (2/2) D:11            Elf (3/3) Orc:2        Vaults (5/5) D:13
  Crypt (3/3) Vaults:3       Tomb (0/3) Crypt:3      Depths (4/4) D:15
   Hell (visited)             Dis (5/7) Hell            Zot (5/5) Depths:4
  IceCv (visited)          WizLab (visited)         Gauntlet (visited)
    Geh: Hell:1         Coc: Hell:1         Tar: Hell:1

Altars:
Ashenzari
Cheibriados
Dithmenos
Elyvilon
Fedhas
Gozag
Hepliaklqana
Kikubaaqudgha
Makhleb
Nemelex Xobeh
Okawaru
Qazlal
Ru
Sif Muna
Trog
Uskayaw
Vehumet
Wu Jian
Xom
Yredelemnul
Zin
The Shining One
Beogh
Jiyva

Shops:
D:6 (   D:8 !=*   D:10 *   D:13 ?   Orc:2 !?[!*   Elf:1 !   Elf:2 ?
Vaults:4 ?   Vaults:5 [?=*

Portals:
Hell: Depths:1 Depths:2 Depths:4
Abyss: Depths:2 Depths:3
Pandemonium: Depths:2

Annotations:
D:5 1 runed translucent door, IAmTheZeppo's ghost, novice DrBr
D:8 Erica
Lair:5 3 runed translucent doors, Luam's ghost, journeyman OpFi
Spider:3 exclusion: orange crystal statue


Innate Abilities, Weirdness & Mutations

You have razor-sharp teeth.
Your natural rate of healing is unusually fast.
When hurt, damage is shared between your health and your magic reserves.
Your bite disrupts and absorbs the magic of your enemies.
Potions cannot restore your health.
You have a pair of small horns on your head.
You are partially covered in iridescent scales. (AC +2)
Your flesh is cold resistant. (rC+)
You occasionally lose the ability to drink potions when taking damage.
[Your body sometimes deteriorates upon taking damage.]


Message History

The iron golem attacks as it pursues you!
The iron golem hits you but does no damage.
The iron golem barely misses you.
The iron golem attacks as it pursues you!
The iron golem hits you!!
* * * LOW HITPOINT WARNING * * *
The iron golem hits you!
* * * LOW HITPOINT WARNING * * *
The iron golem misses you.
The iron golem hits you but does no damage.
The iron giant throws the iron golem at you!
The iron golem barely misses you. The iron golem misses you.
You hit the iron golem.
You headbutt the iron golem, but do no damage.
The iron golem is moderately damaged.
You hit the iron golem but do no damage.
The iron golem closely misses you. x2
Okay, then.
Blink to where?
Press: ? - help, Dir - move target
As you read the scroll of blinking, it crumbles to dust.
Your surroundings suddenly seem different.
An iron giant and 2 iron golems come into view.
The iron giant shouts!
The iron golem squeaks loudly. x2
A divine shield forms around you!
You slice the iron giant!!
You bite the iron giant, but do no damage.
The iron giant is lightly wounded.
You slice the iron giant!!
You headbutt the iron giant, but do no damage.
You bite the iron giant, but do no damage.
The iron giant is moderately wounded.
The iron giant hits you with a +0 giant spiked club!!!
* * * LOW HITPOINT WARNING * * *
You hear a roar!
Magic courses through your body.
You hear a roar!
A Hell Sentinel opens the door.
The iron giant hits you with a +0 giant spiked club!!!
You die...

###########
#......'1..
#..@...#
#.9C...#
#.9....#
#......#
#......#
########


You could see 2 iron golems, an iron giant and a Hell Sentinel.

Vanquished Creatures
  Cerebov (Pan)
  3 pandemonium lords (Pan)
  Mnoleg (Pan)
  the Royal Jelly (Slime:5)
  Lom Lobon (Pan)
  Gloorx Vloq (Pan)
  8 dread liches
  4 ancient liches
  6 orbs of fire (Zot:5)
  Mennas (Pan)
  2 juggernauts (Depths:2)
  Josephina (Crypt:3)
  A shard shrike (IceCv)
  A curse toe (Zot:5)
  5 Killer Klowns (Zot:5)
  Geryon (Hell)
  6 caustic shrikes
  7 golden dragons
  Nikola (Vaults:1)
  2 bone dragons
  Norris (Elf:1)
  3 electric golems
  3 doom hounds (Crypt:3)
  The ghost of Ohee the Swashbuckler, a veteran KoDe of Uskayaw (Crypt:2)
  4 Tzitzimimeh (Pan)
  A Brimstone Fiend (Pan)
  Jorgrun (Elf:2)
  11 Hell Sentinels
  A hellephant (Hell)
  4 liches
  An Ice Fiend (Pan)
  19 tentacled monstrosities
  Grunn (Crypt:3)
  25 Orb Guardians (Zot:5)
  12 titans
  3 walking frostbound tomes (Pan)
  19 acid blobs
  6 deep elf master archers
  7 deep elf blademasters
  3 quicksilver dragons
  3 sphinxes
  Polyphemus (Shoals:3)
  19 ancient champions
  16 Executioners (Pan)
  A kraken (Shoals:3)
  7 death cobs
  10 storm dragons
  8 shadow dragons
  2 tentacled starspawn (Abyss:4)
  Gastronok (Lair:1)
  13 protean progenitors
  8 tengu reavers
  7 revenants
  17 fire giants
  5 draconian monks
  9 azure jellies
  7 demonspawn warmongers (Pan)
  18 frost giants
  17 balrugs (Pan)
  2 nagarajas (Pan)
  2 fenstrider witches (Pan)
  14 rockslimes
  4 iron dragons
  7 emperor scorpions
  4 draconian knights
  4 draconian shifters
  4 quicksilver elementals
  3 deep elf sorcerers
  6 deep elf elementalists (Elf:3)
  2 orc warlords (Vaults:1)
  5 ghouls
  The ghost of RaineAsh the Brawler, a journeyman TrNe of Hepliaklqana (Orc:2)
  8 ghost moths
  2 demonspawn corrupters (Pan)
  10 vault wardens
  11 cacodemons
  A spectral caustic shrike (WizLab)
  3 draconian scorchers
  5 curse skulls
  13 reapers
  3 spriggan defenders
  8 draconian annihilators
  10 quicksilver oozes
  4 caustic shrike skeletons (Pan)
  5 draconian stormcallers
  16 very ugly things
  10 demonspawn blood saints (Pan)
  8 ironbound preservers
  4 broodmothers
  2 juggernaut skeletons
  9 deep elf demonologists
  9 formless jellyfish
  13 deep elf death magi
  An ironbound thunderhulk (Vaults:1)
  26 stone giants
  Nessos (Orc:2)
  7 vampire knights
  9 green draconians
  10 demonspawn black suns (Pan)
  4 lorocyprocas (Pan)
  14 war gargoyles
  12 purple draconians
  Azrael (Spider:1)
  4 minotaurs
  12 black draconians
  3 halazid warlocks (WizLab)
  11 yellow draconians
  12 red draconians
  5 spark wasps
  12 white draconians
  7 deep elf annihilators
  4 dire elephants (Vaults:4)
  4 iron golems
  9 ettins
  4 bunyips
  8 eidola
  15 blizzard demons (Pan)
  A merfolk javelineer (Shoals:3)
  2 quicksilver dragon zombies (WizLab)
  5 green deaths (Pan)
  7 entropy weavers
  A spectral golden dragon (Crypt:3)
  Snorg (D:14)
  8 yaktaur captains
  4 great orbs of eyes
  A mummy priest (Pan)
  2 spectral quicksilver dragons (WizLab)
  11 merfolk impalers
  A deep elf high priest (Elf:3)
  7 fire dragons
  8 jiangshi
  5 hell beasts
  4 ice dragons
  Fannar (D:10)
  A fenstrider witch zombie (Crypt:2)
  3 hydras
  4 rakshasas
  3 spriggan air magi
  A bennu zombie (Crypt:1)
  31 vault guards
  7 radroaches
  A sphinx zombie (Depths:1)
  A spriggan skeleton (Hell)
  4 catoblepae
  4 jorogumos
  2 ogre magi (Vaults:5)
  9 ironbound frosthearts
  2 alligators (Zot:1)
  6 boulder beetles
  5 two-headed ogres
  5 centaur warriors
  A death knight (Crypt:2)
  3 merfolk avatars
  9 death yaks
  20 satyrs
  A boulder beetle (shapeshifter) (Depths:1)
  An alligator snapping turtle (Shoals:4)
  11 dancing weapons
  5 deep troll shamans
  3 merfolk aquamancers (Pan)
  5 deep troll earth magi
  An Orb Guardian skeleton (Crypt:2)
  5 spriggan berserkers
  8 vampire magi
  Urug (D:10)
  3 spectral emperor scorpions (Pan)
  2 tengu warriors (D:15)
  10 demonic crawlers
  5 thrashing horrors
  A bennu skeleton (Crypt:1)
  7 hell hogs
  A titan zombie (Crypt:3)
  3 occultists (Depths:3)
  14 orc high priests
  A spectral dire elephant (Crypt:3)
  35 sun demons
  A hell knight (Depths:4)
  20 deep elf knights
  8 iron trolls
  27 soul eaters
  3 hellephant skeletons (Pan)
  A storm dragon zombie (Hell)
  2 skysharks (Elf:1)
  3 pharaoh ants
  A skyshark (shapeshifter) (D:15)
  12 sixfirhies (Pan)
  6 skeletal warriors
  A wretched star (Abyss:4)
  An anaconda zombie (Hell)
  A spectral spark wasp (WizLab)
  4 crystal echidnas
  5 sea snakes
  A salamander mystic (Depths:1)
  19 shadow wraiths
  6 spatial maelstroms (Abyss:4)
  A storm dragon skeleton (Depths:1)
  A deep troll (shapeshifter) (Vaults:5)
  A sea snake (shapeshifter) (Vaults:5)
  2 arcanists (Vaults:1)
  4 bog bodies
  25 deep elf archers
  13 flayed ghosts
  2 spark wasp zombies
  A glowing orange brain (shapeshifter) (Vaults:5)
  3 glowing orange brains
  16 deep trolls
  An iron giant skeleton (Hell)
  5 spriggan simulacra
  2 obsidian statues
  8 orb spiders
  27 harpies
  A shadow dragon zombie (Hell)
  8 shadow demons (Pan)
  2 orange crystal statues
  7 steelbarb worms
  2 spectral wolf spiders (WizLab)
  8 lindwurms
  8 ironbound convokers
  15 deep elf zephyrmancers
  22 orc knights
  2 thermic dynamos (Elf:2)
  5 mana vipers (Pan)
  3 necromancers
  6 sun moths
  5 shining eyes
  31 deep elf pyromancers
  17 wolf spiders
  An oklob plant (Lair:5)
  31 ugly things
  2 orc sorcerers
  34 fauns
  23 phantasmal warriors
  6 salamanders
  14 manticores
  A worldbinder (Abyss:4)
  4 cyclopes
  2 spectral spriggans
  3 frost giant zombies (Hell)
  An alligator skeleton (Hell)
  A meliai (shapeshifter) (D:15)
  22 moths of wrath
  A cyclops (shapeshifter) (Depths:1)
  3 Executioner simulacra (Pan)
  A kobold blastminer (Orc:2)
  19 elephants (Lair:5)
  7 vault sentinels
  A spectral alligator snapping turtle (Crypt:3)
  A toenail golem (Pan)
  5 ice statues (Pan)
  4 merfolk sirens
  2 apocalypse crabs
  22 large abominations
  11 smoke demons
  2 molten gargoyles (Hell)
  5 black mambas
  An eye of devastation (Slime:5)
  6 rust devils
  A frost giant skeleton (Depths:1)
  5 water nymphs
  A titan simulacrum (Crypt:3)
  8 torpor snails
  8 cane toads
  12 orange demons
  A red draconian zombie (Crypt:3)
  3 hellions
  16 rime drakes
  Maggie (Lair:1)
  A black draconian zombie (Crypt:3)
  2 kobold demonologists
  8 yaktaurs
  Jeremiah (D:6)
  6 ice devils (Pan)
  2 unseen horrors
  3 guardian mummies
  4 komodo dragons
  3 efreet (Pan)
  8 freezing wraiths
  9 tormentors
  2 anaconda simulacra
  A red draconian skeleton (Crypt:3)
  5 red devils (Pan)
  8 hellwings (Pan)
  A minotaur skeleton (Crypt:3)
  A harpy zombie (WizLab)
  2 spectral harpies (WizLab)
  2 hydra zombies (Hell)
  21 polar bears
  20 merfolk
  3 hornets
  A shadow dragon simulacrum (Crypt:3)
  6 wind drakes
  6 trolls
  5 glass eyes
  2 hydra skeletons (Hell)
  4 spriggan zombies
  2 alligator simulacra (Elf:2)
  6 dream sheep
  26 jumping spiders
  A raiju (shapeshifter) (Vaults:5)
  22 tarantellas
  18 blink frogs
  6 snapping turtles
  3 raiju (Abyss:4)
  40 slime creatures
  3 spriggans
  13 wraiths
  10 shadows
  22 culicivoras
  3 air elementals
  5 wyverns
  11 ynoxinuls (Pan)
  6 water elementals
  A vampire (D:11)
  5 fire elementals
  9 starcursed masses (Abyss:4)
  69 yaks
  A naga simulacrum (Crypt:3)
  10 wargs
  A dire elephant simulacrum (Elf:2)
  5 basilisks
  6 fire bats
  9 golden eyes
  5 chaos spawn (Pan)
  3 steam dragons
  A human (D:11)
  A sea snake simulacrum (Hell)
  14 neqoxecs
  10 vampire mosquitoes
  58 redbacks
  2 small abominations
  7 spatial vortices (Abyss:4)
  2 acid dragons
  16 water moccasins
  6 hell hounds
  37 orc warriors
  A black bear (D:7)
  17 laughing skulls
  A swamp dragon zombie (Hell)
  2 swamp drakes (Lair:4)
  A crocodile (shapeshifter) (D:15)
  A centaur (shapeshifter) (D:13)
  4 ogres
  A snapping turtle skeleton (Crypt:2)
  13 wolves
  11 centaurs
  9 weeping skulls (Crypt:3)
  2 kobold brigands
  A salamander zombie (Crypt:3)
  10 bullfrogs
  A draconian skeleton (Crypt:1)
  5 scorpions
  3 earth elementals
  8 wights
  A wyvern skeleton (Crypt:3)
  A shapeshifter zombie (Crypt:1)
  A tengu zombie (Hell)
  6 killer bees (D:11)
  5 mutant beasts
  A jelly (D:6)
  2 electric eels
  5 howler monkeys
  A wolf zombie (Crypt:2)
  A hound (D:4)
  37 orc priests
  A sleepcap (D:6)
  Terence (D:3)
  3 iguanas (D:5)
  30 orc wizards
  A scorpion zombie (Crypt:3)
  13 hell rats (Hell)
  An ice beast zombie (Crypt:2)
  12 mummies (Crypt:3)
  7 gnolls
  An adder (D:6)
  2 white imps
  2 ribbon worm zombies
  4 ufetubi (D:5)
  A jelly zombie (Crypt:2)
  2 lava snake zombies (Crypt:3)
  A ribbon worm (Lair:2)
  4 dart slugs
  86 orcs
  3 ball pythons
  2 bats (D:1)
  3 endoplasms
  4 giant cockroaches
  6 hobgoblins
  2 jackals (D:3)
  13 kobolds
  2 quokkas
  4 frilled lizards
  3 goblins
  A jackal skeleton (Crypt:3)
  6 rats
  2 aspiring fleshes
  A ball lightning (Pan)
  3 starspawn tentacles (Abyss:4)
  4 tentacles (Shoals:3)
2733 creatures vanquished.

Vanquished Creatures (others)
  A draconian knight (Zot:1)
  A fire giant (Crypt:3)
  A red draconian (Zot:2)
  A deep elf archer (Elf:3)
  An ugly thing (Depths:2)
  A manticore (Shoals:3)
  A merfolk siren (Shoals:3)
  A jumping spider (Spider:3)
  A tarantella (Spider:3)
  A raiju (Abyss:4)
  A ynoxinul (Pan)
  A dire elephant simulacrum (Elf:2)
  A laughing skull (Crypt:2)
  2 ball lightnings (Pan)
  A lurking horror (Abyss:4)
  2 starspawn tentacles (Abyss:4)
  7 tentacles (Shoals:3)
25 creatures vanquished.

Grand Total: 2758 creatures vanquished

Notes
Turn   | Place    | Note
-------+----------+-------------------------------------------
     0 | D:1      | PurpleRed the Vine Stalker Brigand began the quest for the
                  | Orb.
     0 | D:1      | Reached XP level 1. HP: 11/11 MP: 2/2
   138 | D:1      | Reached XP level 2. HP: 15/15 MP: 3/3
   159 | D:1      | Reached skill level 1 in Axes
   256 | D:1      | Reached skill level 1 in Spellcasting
   264 | D:1      | Reached XP level 3. HP: 18/18 MP: 5/5
   347 | D:3      | Noticed Terence
   415 | D:3      | Killed Terence
   416 | D:3      | Reached skill level 2 in Axes
   416 | D:3      | Reached XP level 4. HP: 22/23 MP: 5/7
   482 | D:3      | You fall into a shaft and drop 3 floors!
   498 | D:6      | Noticed an ogre
   558 | D:6      | Killed an ogre
   559 | D:6      | Reached skill level 3 in Axes
   559 | D:6      | Reached XP level 5. HP: 21/28 MP: 3/9
   578 | D:5      | Entered Level 5 of the Dungeon
   680 | D:5      | Reached XP level 6. HP: 32/32 MP: 7/10
   701 | D:4      | Found a shimmering altar of Xom.
  1100 | D:4      | Reached skill level 4 in Axes
  1179 | D:5      | Reached XP level 7. HP: 28/36 MP: 7/12
  1301 | D:6      | Found Keapamar's Antique Weapon Shop.
  1416 | D:6      | Found a staircase to the Ecumenical Temple.
  1428 | Temple   | Entered the Ecumenical Temple
  1447 | Temple   | Became a worshipper of Warmaster Okawaru
  1517 | D:6      | Noticed Jeremiah
  1573 | D:5      | Found a runed translucent door.
  1577 | D:5      | Noticed IAmTheZeppo's ghost (novice DrBr)
  1624 | D:5      | Reached skill level 5 in Axes
  1624 | D:5      | Reached skill level 1 in Invocations
  1816 | D:4      | Reached * piety under Okawaru
  1882 | D:4      | Found a glowing golden altar of the Shining One.
  1882 | D:4      | Found an opulent altar of Gozag.
  1883 | D:4      | Found a radiant altar of Vehumet.
  1883 | D:4      | Found a basalt altar of Yredelemnul.
  1883 | D:4      | Found a sacrificial altar of Ru.
  1944 | D:4      | Gained mutation: You have razor-sharp teeth. [Vine Stalker
                  | growth]
  1944 | D:4      | Reached XP level 8. HP: 26/42 MP: 5/13
  2131 | D:6      | Killed Jeremiah
  2132 | D:6      | Reached skill level 6 in Axes
  2389 | D:7      | Reached skill level 5 in Fighting
  2389 | D:7      | Noticed a juvenile weirdsting beast
  2532 | D:7      | Killed a juvenile weirdsting beast
  2532 | D:7      | Reached ** piety under Okawaru
  2533 | D:7      | Reached skill level 7 in Axes
  2533 | D:7      | Reached XP level 9. HP: 47/47 MP: 14/14
  2696 | D:8      | Found Ximn's Distillery.
  2703 | D:8      | Bought a potion of invisibility for 96 gold pieces
  2741 | D:8      | Found Emobatso's Jewellery Boutique.
  2778 | D:8      | Noticed Erica
  2944 | D:8      | Found Xawiliab's Assorted Antiques.
  2993 | D:8      | Reached *** piety under Okawaru
  2994 | D:8      | Reached skill level 8 in Axes
  3314 | D:9      | Reached skill level 9 in Axes
  3358 | D:9      | Reached **** piety under Okawaru
  3369 | D:9      | Found a staircase to the Lair.
  3522 | D:9      | Reached XP level 10. HP: 53/53 MP: 15/15
  3574 | D:10     | Entered Level 10 of the Dungeon
  3601 | D:10     | Noticed Urug
  3631 | D:9      | Reached skill level 10 in Axes
  3691 | D:10     | Found an ornate altar of the Wu Jian Council.
  3696 | D:10     | Identified the +0 ring mail of Beyond {-Tele rPois rN+
                  | Str+4}
  3756 | D:10     | Found Buomajer's General Store.
  3918 | D:11     | Noticed a boulder beetle
  3927 | D:11     | HP: 2/56 [troll (2)]
  4200 | D:10     | Noticed Fannar
  4223 | D:10     | Killed Fannar
  4224 | D:10     | Reached skill level 11 in Axes
  4224 | D:10     | Reached skill level 1 in Armour
  4242 | D:10     | Reached ***** piety under Okawaru
  4318 | D:10     | Killed a boulder beetle
  4319 | D:10     | Reached XP level 11. HP: 47/60 MP: 18/18
  4357 | D:10     | Received a gift from Okawaru
  4386 | D:10     | Killed Urug
  4667 | D:11     | Found a staircase to the Orcish Mines.
  4815 | D:12     | Found a bloodstained altar of Trog.
  4822 | D:12     | Noticed a green ugly thing
  4831 | D:12     | Killed a green ugly thing
  4857 | D:12     | Reached skill level 12 in Axes
  5018 | D:8      | Bought a pair of dazzling boots for 275 gold pieces
  5018 | D:8      | Identified the +1 pair of boots of Obluloq {Str+3 Slay+3}
                  | (You bought it in a shop on level 8 of the Dungeon)
  5077 | Lair:1   | Entered Level 1 of the Lair of Beasts
  5083 | Lair:1   | Received a gift from Okawaru
  5205 | Lair:1   | Noticed Gastronok
  5252 | Lair:1   | Killed Gastronok
  5301 | Lair:1   | Reached XP level 12. HP: 35/66 MP: 19/19
  5304 | Lair:1   | Received a gift from Okawaru
  5307 | Lair:1   | HP: 2/67 [poisoned by a black mamba]
  5337 | Lair:2   | Reached skill level 13 in Axes
  5362 | Lair:2   | Found a hole to the Spider Nest.
  5453 | Lair:2   | Reached skill level 5 in Armour
  5475 | Lair:2   | Reached skill level 10 in Fighting
  5610 | Lair:3   | Received a gift from Okawaru
  5664 | Lair:3   | Found a staircase to the Shoals.
  5732 | Lair:4   | Identified the +4 halberd of Wayr {venom, Dex+4}
  5767 | Lair:4   | Identified the +4 chain mail of Refuge {rN+}
  5808 | Lair:4   | Noticed a six-headed hydra
  5819 | Lair:4   | Killed a six-headed hydra
  5820 | Lair:4   | Reached skill level 14 in Axes
  5844 | Lair:3   | Reached XP level 13. HP: 59/72 MP: 21/21
  5858 | Lair:5   | Entered Level 5 of the Lair of Beasts
  5883 | Lair:5   | Reached skill level 5 in Invocations
  5897 | Lair:5   | Reached skill level 5 in Spellcasting
  5938 | Lair:5   | Reached ****** piety under Okawaru
  5940 | Lair:5   | Acquired the scarf of Good Intentions {repulsion, Fly Will-
                  | Dex+6 Slay+6}
  5940 | Lair:5   | Received a gift from Okawaru
  5942 | Lair:5   | Acquired a +3 vampiric executioner's axe
  5942 | Lair:5   | Received a gift from Okawaru
  6010 | Lair:5   | Received a gift from Okawaru
  6012 | Lair:5   | Reached skill level 1 in Dodging
  6054 | Lair:5   | Found a runed translucent gate.
  6055 | Lair:5   | Found a runed translucent gate.
  6057 | Lair:5   | Found a runed translucent gate.
  6057 | Lair:5   | Noticed an azure jelly
  6058 | Lair:5   | Noticed an azure jelly
  6058 | Lair:5   | Noticed an acid blob
  6059 | Lair:5   | Found a viscous altar of Jiyva.
  6059 | Lair:5   | Noticed an acid blob
  6059 | Lair:5   | Noticed an azure jelly
  6059 | Lair:5   | Noticed Luam's ghost (journeyman OpFi)
  6059 | Lair:5   | Noticed an azure jelly
  6059 | Lair:5   | Noticed an azure jelly
  6059 | Lair:5   | Noticed an azure jelly
  6229 | Lair:5   | Reached skill level 15 in Axes
  6235 | Lair:5   | Received a gift from Okawaru
  6326 | Lair:5   | Got an earthy gem with 2428 turns to spare
  6336 | Lair:5   | Identified the +0 plate armour "Demux" {Rampage rPois
                  | Str+4}
  6516 | Lair:5   | Reached XP level 14. HP: 64/79 MP: 24/24
  6617 | Lair:5   | Received a gift from Okawaru
  6792 | Lair:4   | Reached skill level 16 in Axes
  6808 | Lair:4   | Found a viscous altar of Jiyva.
  6809 | Lair:4   | Found a staircase to the Slime Pits.
  6906 | Lair:1   | Noticed Maggie
  6917 | Lair:1   | Killed Maggie
  7179 | D:12     | Found a portal to a secret trove of treasure.
  7404 | D:13     | Found a gate to the Vaults.
  7404 | D:13     | Noticed an ironbound preserver
  7410 | D:13     | Killed an ironbound preserver
  7459 | D:13     | Received a gift from Okawaru
  7542 | D:13     | Found Hycihin's Magic Scroll Shoppe.
  7562 | D:13     | Bought a scroll of enchant weapon for 142 gold pieces
  7647 | D:13     | Found a gate leading to a gauntlet.
  7656 | Gauntlet | Entered a Gauntlet
  7656 | Gauntlet | Found a transporter.
  7656 | Gauntlet | Found a transporter.
  7656 | Gauntlet | Found a transporter.
  7656 | Gauntlet | Found a transporter.
  7665 | Gauntlet | Found a transporter.
  7675 | Gauntlet | Found a transporter.
  7690 | Gauntlet | Found a transporter.
  7706 | Gauntlet | Found a transporter.
  7721 | Gauntlet | Found a transporter.
  7727 | Gauntlet | Found a transporter.
  7741 | Gauntlet | Found a transporter.
  7744 | Gauntlet | Found a transporter.
  7886 | Gauntlet | Reached skill level 17 in Axes
  7891 | Gauntlet | Received a gift from Okawaru
  7906 | Gauntlet | Identified the +0 cloak of the Floral God {rC+ Str+2 SInv
                  | Stlth+}
  7922 | Gauntlet | Identified the +5 war axe of Impeachment {drain, rF+ rN+
                  | rCorr Int+4}
  7943 | Gauntlet | Identified the +0 cloak of Contentment {rElec rC+}
  7943 | Gauntlet | Identified the +0 ring mail of Fortification {Regen+ Str+4}
  7953 | Gauntlet | Identified the staff "Feunol Jysa" {Summ Fire Earth}
  8014 | D:14     | Noticed Snorg
  8023 | D:14     | Killed Snorg
  8024 | D:14     | Reached XP level 15. HP: 84/85 MP: 25/25
  8056 | D:14     | Got Zeblalia's Spellbook of Sanguinolent Hyperthermia
  8067 | D:15     | Entered Level 15 of the Dungeon
  8185 | D:15     | Received a gift from Okawaru
  8247 | D:15     | Found a staircase to the Depths.
  8263 | D:15     | Got a smoky gem with 2862 turns to spare
  8264 | D:15     | Upgraded the game from 0.32-a0-995-gb4a5920 to
                  | 0.32-a0-996-gb3226c2
  8570 | Orc:1    | Entered Level 1 of the Orcish Mines
  8642 | Orc:2    | Entered Level 2 of the Orcish Mines
  8652 | Orc:2    | Found a staircase to the Elven Halls.
  8817 | Orc:1    | Found a roughly hewn altar of Beogh.
  8817 | Orc:1    | Found a transporter.
  8953 | Orc:1    | Found a transporter.
  8973 | Orc:1    | Received a gift from Okawaru
  9018 | Orc:1    | Identified the +5 hat of Xeteo {rF+ rC+ rCorr}
  9066 | Orc:2    | Found a runed translucent gate.
  9069 | Orc:2    | Found a runed translucent gate.
  9069 | Orc:2    | Found an opulent altar of Gozag.
  9069 | Orc:2    | Found a runed translucent gate.
  9070 | Orc:2    | Noticed RaineAsh's ghost (journeyman TrNe)
  9071 | Orc:2    | Found Xurriyrph's Assorted Antiques.
  9083 | Orc:2    | Killed RaineAsh's ghost
  9149 | Orc:2    | Reached skill level 18 in Axes
  9185 | Orc:2    | Noticed Nessos
  9196 | Orc:2    | Killed Nessos
  9196 | Orc:2    | Received a gift from Okawaru
  9278 | Orc:2    | Reached XP level 16. HP: 91/91 MP: 29/29
  9333 | Orc:2    | Found Exewy's Distillery.
  9333 | Orc:2    | Found Leg Soem's Antique Armour Emporium.
  9334 | Orc:2    | Found Plog's Magic Scroll Shoppe.
  9334 | Orc:2    | Found Xileleq's Distillery.
  9346 | Orc:2    | Bought a potion of mutation for 104 gold pieces
  9346 | Orc:2    | Bought a potion of enlightenment for 65 gold pieces
  9346 | Orc:2    | Bought a potion of enlightenment for 65 gold pieces
  9346 | Orc:2    | Bought a potion of magic for 104 gold pieces
  9350 | Orc:2    | Bought a scroll of blinking for 127 gold pieces
  9350 | Orc:2    | Bought a scroll of blinking for 127 gold pieces
  9352 | Orc:2    | Bought a scroll of teleportation for 51 gold pieces
  9352 | Orc:2    | Bought a scroll of enchant armour for 127 gold pieces
  9355 | Orc:2    | Bought a potion of mutation for 104 gold pieces
  9355 | Orc:2    | Bought a potion of haste for 130 gold pieces
  9426 | Orc:2    | Bought a scroll of enchant weapon for 270 gold pieces
  9488 | Elf:1    | Entered Level 1 of the Elven Halls
  9488 | Elf:1    | Found Rulloy Xewoi's Distillery.
  9491 | Elf:1    | Received a gift from Okawaru
  9612 | Elf:1    | Noticed Norris
  9630 | Elf:1    | Killed Norris
  9695 | Elf:2    | Noticed Jorgrun
  9699 | Abyss:2  | Cast into level 2 of the Abyss (a deep elf sorcerer)
  9744 | Elf:2    | Escaped the Abyss
  9744 | Elf:2    | Noticed a deep elf master archer
  9748 | Elf:2    | Received a gift from Okawaru
  9754 | Elf:2    | Killed Jorgrun
  9764 | Elf:2    | Killed a deep elf master archer
  9772 | Elf:2    | Reached skill level 19 in Axes
  9803 | Elf:2    | Received a gift from Okawaru
  9809 | Elf:1    | Paralysed by an air elemental for 1 turns
  9818 | Abyss:2  | Cast into level 2 of the Abyss (deep elf knight)
  9923 | Elf:1    | Escaped the Abyss
  9928 | Elf:1    | Reached skill level 5 in Dodging
  9962 | Elf:2    | Found Davebeca's Magic Scroll Emporium.
  9969 | Elf:2    | Received a gift from Okawaru
  9978 | Elf:2    | Found a glacial archway.
  9992 | Elf:2    | Reached XP level 17. HP: 70/97 MP: 18/30
 10031 | IceCv    | Entered an ice cave
 10139 | IceCv    | Received a gift from Okawaru
 10271 | IceCv    | Noticed a shard shrike
 10294 | IceCv    | Killed a shard shrike
 10325 | IceCv    | Identified the ring "Enipovud" {rElec rPois rC+ Dex-5
                  | Stlth+}
 10429 | Elf:2    | Received a gift from Okawaru
 10469 | Elf:3    | Entered Level 3 of the Elven Halls
 10495 | Elf:3    | Reached skill level 20 in Axes
 10683 | Elf:3    | Noticed a deep elf master archer
 10690 | Elf:3    | Killed a deep elf master archer
 10698 | Elf:3    | Received a gift from Okawaru
 10708 | Elf:3    | Identified the staff of Defilement {rF+ Stlth+ Fire Air}
 10708 | Elf:3    | Identified the ring of the Final Decision {Fly Slay+2}
 10708 | Elf:3    | Noticed a deep elf blademaster
 10718 | Elf:3    | Killed a deep elf blademaster
 10719 | Elf:3    | Reached XP level 18. HP: 102/103 MP: 29/31
 10748 | Elf:3    | Reached skill level 15 in Fighting
 10799 | Elf:3    | Identified the +5 shortbow of Annihilation {antimagic, rN+
                  | rCorr Str+4}
 10843 | Elf:3    | Noticed a deep elf blademaster
 10852 | Elf:3    | Killed a deep elf blademaster
 10855 | Elf:3    | Noticed a deep elf master archer
 10860 | Elf:3    | Killed a deep elf master archer
 10863 | Elf:3    | Killed a ghostly deep elf master archer
 10863 | Elf:3    | Received a gift from Okawaru
 10903 | Elf:3    | Identified the +3 great mace of the Gnashing Dragonfly
                  | {flame, rF++ Int-2}
 10904 | Elf:3    | Identified the staff "Aruph" {rElec rPois Str-4 SInv Necro
                  | Air}
 10911 | Elf:3    | Got the Secrets of Pragmatism
 10954 | Elf:3    | Identified the +1 short sword "Notwoeh" {drain, rF+ rCorr}
 11007 | Elf:3    | Got a shimmering gem with 797 turns to spare
 11029 | Elf:3    | Identified the +4 ring mail of Beauty {Will+ Str-4 Stlth+}
 11032 | Elf:3    | Identified the +1 ring mail of the Crypt {Will+ SInv}
 11270 | Spider:1 | Entered Level 1 of the Spider Nest
 11296 | Spider:1 | Received a gift from Okawaru
 11354 | Spider:1 | Noticed Azrael
 11367 | Spider:1 | Killed Azrael
 11462 | Spider:2 | You are sucked into a shaft and drop 1 floor!
 11611 | Spider:3 | Received a gift from Okawaru
 11617 | Spider:3 | Reached skill level 21 in Axes
 11786 | Spider:3 | Got the Information on the Iron Summer
 11880 | Spider:3 | Got the Parchment of Malisons and Ouranomancy
 11962 | Spider:4 | Entered Level 4 of the Spider Nest
 11974 | Spider:4 | Received a gift from Okawaru
 11977 | Spider:4 | Reached XP level 19. HP: 109/109 MP: 5/32
 12308 | Spider:4 | Received a gift from Okawaru
 12338 | Spider:4 | Identified the +8 quarterstaff of Overwhelming Force
                  | {venom, +Blink Str+2}
 12360 | Spider:4 | Reached skill level 10 in Armour
 12426 | Spider:4 | Got a gossamer rune of Zot
 12441 | Spider:4 | Got a milky-white gem with 1283 turns to spare
 12687 | Spider:2 | Received a gift from Okawaru
 12866 | Shoals:1 | Entered Level 1 of the Shoals
 12904 | Shoals:2 | Reached skill level 22 in Axes
 13030 | Shoals:3 | Received a gift from Okawaru
 13067 | Shoals:3 | Noticed Polyphemus
 13081 | Shoals:3 | Killed Polyphemus
 13100 | Shoals:3 | Noticed a tentacled monstrosity
 13106 | Shoals:3 | Killed a tentacled monstrosity
 13110 | Shoals:3 | Identified the ring "Nevai" {rF+ rC- rN+ rCorr Slay+2}
 13113 | Shoals:3 | Got the Vellum of Mad Ravings
 13167 | Shoals:3 | Reached XP level 20. HP: 107/116 MP: 30/34
 13194 | Shoals:3 | Received a gift from Okawaru
 13262 | Shoals:4 | Entered Level 4 of the Shoals
 13364 | Shoals:4 | Received a gift from Okawaru
 13486 | Shoals:4 | Reached skill level 10 in Invocations
 13497 | Shoals:4 | Reached skill level 10 in Spellcasting
 13517 | Shoals:4 | Identified the staff of Geucsuet {rPois rN+ rCorr Int+3
                  | Necro}
 13574 | Shoals:4 | Got an azure gem with 1161 turns to spare
 13576 | Shoals:4 | Identified the staff "Coatircha" {^Fragile rC++ rN+ Necro}
 13579 | Shoals:4 | Identified the ring of Gozag's Approval {Ice Int+3 Dex+2}
 13581 | Shoals:4 | Got a barnacled rune of Zot
 13671 | Shoals:4 | Received a gift from Okawaru
 13691 | Shoals:4 | Identified the +0 shortbow "Wakas" {drain, Int+3 SInv
                  | Stlth-}
 14468 | Vaults:1 | Entered Level 1 of the Vaults
 14504 | Vaults:1 | Identified the +6 trident of Vanity {elec, rElec rC+}
 14525 | Vaults:1 | Reached skill level 23 in Axes
 14563 | Vaults:1 | Noticed Nikola
 14579 | Vaults:1 | Killed Nikola
 14608 | Vaults:1 | Identified the +12 scimitar of Conscience {protect, Dex+3}
 14753 | Vaults:1 | Received a gift from Okawaru
 14806 | Vaults:1 | Identified the +5 broad axe of Valour {distort, Dex+3}
 14899 | Vaults:3 | Reached XP level 21. HP: 121/121 MP: 34/36
 14915 | Vaults:3 | Found a staircase to the Crypt.
 14949 | Vaults:4 | Found Bentorar's Magic Scroll Shoppe.
 14955 | Vaults:4 | Bought a scroll of blinking for 120 gold pieces
 14955 | Vaults:4 | Bought a scroll of blinking for 120 gold pieces
 14955 | Vaults:4 | Bought a scroll of enchant weapon for 120 gold pieces
 14955 | Vaults:4 | Bought a scroll of enchant weapon for 120 gold pieces
 14957 | Vaults:4 | Bought a scroll of revelation for 120 gold pieces
 15019 | Vaults:2 | Found a magical portal.
 15028 | WizLab   | Entered Borgnjor's Mausoleum
 15128 | WizLab   | Received a gift from Okawaru
 15431 | Vaults:4 | Received a gift from Okawaru
 15529 | Vaults:5 | Entered Level 5 of the Vaults
 15539 | Vaults:5 | Reached skill level 24 in Axes
 15544 | Vaults:5 | Received a gift from Okawaru
 15627 | Vaults:5 | Reached XP level 22. HP: 130/130 MP: 39/39
 15651 | Vaults:5 | Received a gift from Okawaru
 15737 | Vaults:5 | Identified the scarf of the Distant Future {harm, Int+3}
 15739 | Vaults:5 | Got a silver rune of Zot
 15741 | Vaults:5 | Got a shining gem with 2909 turns to spare
 15771 | Vaults:5 | Identified the +6 spear "Goblinslayer" {freeze, Str+5
                  | Int-3}
 15864 | Vaults:5 | Found Idoudotweu's Antique Armour Boutique.
 15871 | Vaults:5 | Found Oxteu's Jewellery Shoppe.
 15900 | Vaults:5 | Found Langiph's General Store.
 15900 | Vaults:5 | Noticed an ancient lich
 15905 | Vaults:5 | Killed an ancient lich
 15905 | Vaults:5 | Received a gift from Okawaru
 15914 | Vaults:5 | Bought a scroll of blinking for 120 gold pieces
 15914 | Vaults:5 | Bought 3 scrolls of revelation for 360 gold pieces
 15935 | Vaults:5 | Found Butroybb's Magic Scroll Shoppe.
 15949 | Vaults:5 | Bought a scroll of enchant armour for 165 gold pieces
 16004 | Vaults:5 | Bought a translucent chain mail for 342 gold pieces
 16004 | Vaults:5 | Identified the +5 chain mail "Widgh" {Harm rN+} (You bought
                  | it in a shop on level 5 of the Vaults)
 16094 | Vaults:5 | Received a gift from Okawaru
 16208 | Vaults:5 | Found the brooch of Shielding {Spirit SH+8}
 16558 | Depths:1 | Entered Level 1 of the Depths
 16617 | Depths:1 | Received a gift from Okawaru
 16700 | Depths:1 | Reached XP level 23. HP: 135/135 MP: 40/40
 16710 | Depths:1 | Found a gateway to Hell.
 16828 | Depths:1 | Received a gift from Okawaru
 16874 | Depths:2 | Reached skill level 10 in Dodging
 16915 | Depths:2 | Found a burning altar of Makhleb.
 16916 | Depths:2 | Found a white marble altar of Elyvilon.
 16916 | Depths:2 | Found a one-way gate to the infinite horrors of the Abyss.
 16916 | Depths:2 | Found a sacrificial altar of Ru.
 16927 | Depths:2 | Found a one-way gate leading to the halls of Pandemonium.
 17007 | Depths:2 | Noticed a golden dragon
 17013 | Depths:2 | Killed a golden dragon
 17039 | Depths:3 | Found a flickering gateway to a bazaar.
 17045 | Bazaar   | Entered a bazaar
 17047 | Bazaar   | Found Resut's Armour Boutique.
 17051 | Bazaar   | Found Tienga's Antique Armour Boutique.
 17051 | Bazaar   | Found Zonlall's Magic Scroll Boutique.
 17051 | Bazaar   | Found Tulup's Antique Armour Boutique.
 17068 | Bazaar   | Bought a scroll of enchant weapon for 67 gold pieces
 17078 | Bazaar   | Bought a fine chain mail for 209 gold pieces
 17078 | Bazaar   | Identified the +5 chain mail "Kecobb" {+Blink rC+ rN+
                  | Stlth-} (You bought it in a shop in a bazaar)
 17085 | Bazaar   | Bought a pitted chain mail for 313 gold pieces
 17085 | Bazaar   | Identified the +0 chain mail of the Lobster {rElec} (You
                  | bought it in a shop in a bazaar)
 17090 | Bazaar   | Bought a scroll of fog for 36 gold pieces
 17090 | Bazaar   | Bought a scroll of fog for 36 gold pieces
 17090 | Bazaar   | Bought a scroll of teleportation for 27 gold pieces
 17172 | Depths:3 | Received a gift from Okawaru
 17251 | Depths:4 | Entered Level 4 of the Depths
 17340 | Depths:4 | Noticed a juggernaut
 17407 | Depths:4 | Found a gate to the Realm of Zot.
 17420 | Depths:4 | Got a midnight gem with 2272 turns to spare
 17467 | Zot:1    | Entered Level 1 of the Realm of Zot
 17474 | Zot:1    | Received a gift from Okawaru
 17510 | Zot:1    | Noticed a golden dragon
 17512 | Zot:1    | Noticed a golden dragon
 17517 | Zot:1    | Noticed a golden dragon
 17520 | Zot:1    | Killed a golden dragon
 17533 | Zot:1    | Killed a golden dragon
 17535 | Zot:1    | Killed a golden dragon
 17538 | Zot:1    | Received a gift from Okawaru
 17539 | Zot:1    | Reached XP level 24. HP: 143/143 MP: 40/40
 17890 | Zot:2    | Received a gift from Okawaru
 18053 | Zot:5    | Entered Level 5 of the Realm of Zot
 18087 | Zot:5    | Noticed a curse toe
 18096 | Zot:5    | Killed a curse toe
 18096 | Zot:5    | Received a gift from Okawaru
 18126 | Zot:5    | Got a prismatic gem with 416 turns to spare
 18194 | Zot:5    | Noticed a Killer Klown
 18214 | Zot:5    | Killed a Killer Klown
 18246 | Zot:5    | Noticed an orb of fire
 18248 | Zot:5    | Gained mutation: You are frail. (-10% HP) [an orb of fire]
 18254 | Zot:5    | Gained mutation: You occasionally shout uncontrollably at
                  | your foes. [an orb of fire]
 18256 | Zot:5    | Killed an orb of fire
 18259 | Zot:5    | Noticed an orb of fire
 18264 | Zot:5    | Noticed an orb of fire
 18266 | Zot:5    | Gained mutation: Your health recovers twice as slowly from
                  | being drained. [an orb of fire]
 18270 | Zot:5    | Killed an orb of fire
 18270 | Zot:5    | Received a gift from Okawaru
 18285 | Zot:5    | Killed an orb of fire
 18286 | Zot:5    | Reached XP level 25. HP: 134/134 MP: 41/41
 18291 | Zot:5    | Noticed a Killer Klown
 18291 | Zot:5    | Noticed a dread lich
 18291 | Zot:5    | Noticed a Killer Klown
 18296 | Zot:5    | Killed a dread lich
 18308 | Zot:5    | Killed a Killer Klown
 18312 | Zot:5    | Killed a Killer Klown
 18336 | Zot:5    | Noticed a Killer Klown
 18348 | Zot:5    | Killed a Killer Klown
 18372 | Zot:5    | Received a gift from Okawaru
 18415 | Zot:5    | Noticed an orb of fire
 18416 | Zot:5    | Noticed an orb of fire
 18425 | Zot:5    | Noticed an orb of fire
 18431 | Zot:5    | Killed an orb of fire
 18432 | Zot:5    | Noticed an ancient lich
 18435 | Zot:5    | Noticed a Killer Klown
 18439 | Zot:5    | Killed an orb of fire
 18443 | Zot:5    | Noticed a dread lich
 18444 | Zot:5    | Killed an orb of fire
 18449 | Zot:5    | Killed an ancient lich
 18449 | Zot:5    | Received a gift from Okawaru
 18454 | Zot:5    | Killed a Killer Klown
 18467 | Zot:5    | Killed a dread lich
 18511 | Zot:5    | Received a gift from Okawaru
 18891 | Depths:2 | Noticed a juggernaut
 18900 | Depths:2 | Killed a juggernaut
 18938 | Depths:2 | Received a gift from Okawaru
 18948 | Depths:2 | Noticed a juggernaut
 18962 | Depths:2 | Killed a juggernaut
 18963 | Depths:2 | Reached skill level 15 in Armour
 18963 | Depths:2 | Reached XP level 26. HP: 123/142 MP: 42/42
 19010 | Depths:2 | Identified the amulet "Zoec" {Faith Will+ Stlth+}
 19013 | Depths:2 | Got the Book of Citrinitas and the Discharge
 19216 | D:13     | Bought a scroll of enchant armour for 142 gold pieces
 19290 | D:12     | You paid a toll of +2 gold dragon scales to enter a
                  | treasure trove
 19291 | Trove    | Entered a treasure trove
 19295 | Trove    | Identified the +1 pair of boots of Amorality {Will+++}
 19298 | Trove    | Identified the +2 pair of boots of Baompere {rF+}
 19312 | Trove    | Identified the ring "Jaet" {AC+4 Dex+6 SInv Stlth+}
 19328 | Trove    | Identified the +2 pair of boots of Caxzaog {Int+2 Dex+2}
 19338 | Trove    | Identified the +9 executioner's axe "Nurphafam" {protect,
                  | rPois Stlth+}
 19540 | Slime:1  | Entered Level 1 of the Pits of Slime
 19547 | Slime:1  | Gained mutation: You are dopey. (Int -2) [a shining eye]
 19630 | Slime:3  | Gained mutation: You occasionally lose the ability to drink
                  | potions when taking damage. [a shining eye]
 19636 | Slime:3  | Gained mutation: You are occasionally teleported next to
                  | monsters. [a shining eye]
 19646 | Slime:3  | Received a gift from Okawaru
 19664 | Slime:4  | Paralysed by a formless jellyfish for 1 turns
 19690 | Slime:5  | Entered Level 5 of the Pits of Slime
 19809 | Slime:5  | Gained mutation: You sometimes lose your temper in combat.
                  | [a shining eye]
 20036 | Slime:5  | Found a viscous altar of Jiyva.
 20166 | Slime:5  | Noticed the Royal Jelly
 20187 | Slime:5  | Killed the Royal Jelly
 20187 | Slime:5  | Received a gift from Okawaru
 20285 | Slime:5  | Got Nodd's Dissertation on Spatial Terra Firma
 20290 | Slime:5  | Identified the +6 giant club of the Brewing Gods {elec,
                  | rPois MP+9}
 20341 | Slime:5  | Got the Encyclopedia of Lithomancy
 20366 | Slime:5  | Identified the +0 chain mail "Baecriw" {rN+ Int+3}
 20393 | Slime:5  | Identified the staff of Akunegoc {MP-9 Str+5 Conj}
 20401 | Slime:5  | Got a slimy rune of Zot
 20454 | Slime:5  | Identified the +0 leather armour of Eternal Night {Str+3}
 20516 | Slime:3  | Paralysed by a formless jellyfish for 1 turns
 20539 | Lair:4   | Lost mutation: You are occasionally teleported next to
                  | monsters. [potion of mutation]
 20539 | Lair:4   | Lost mutation: You occasionally shout uncontrollably at
                  | your foes. [potion of mutation]
 20539 | Lair:4   | Lost mutation: Your health recovers twice as slowly from
                  | being drained. [potion of mutation]
 20539 | Lair:4   | Gained mutation: You are clumsy. (Dex -2) [potion of
                  | mutation]
 20539 | Lair:4   | Gained mutation: You are somewhat resistant to further
                  | mutation. [potion of mutation]
 20540 | Lair:4   | Lost mutation: You are dopey. (Int -2) [potion of mutation]
 20540 | Lair:4   | Lost mutation: You are clumsy. (Dex -2) [potion of
                  | mutation]
 20540 | Lair:4   | Gained mutation: [Your body sometimes deteriorates upon
                  | taking damage.] [potion of mutation]
 20541 | Lair:4   | Lost mutation: You are somewhat resistant to further
                  | mutation. [potion of mutation]
 20541 | Lair:4   | Lost mutation: You sometimes lose your temper in combat.
                  | [potion of mutation]
 20541 | Lair:4   | Lost mutation: You are frail. (-10% HP) [potion of
                  | mutation]
 20541 | Lair:4   | Gained mutation: Armour fits poorly on your strangely
                  | shaped body. [potion of mutation]
 20541 | Lair:4   | Gained mutation: You have an increased reservoir of magic.
                  | (+10% MP) [potion of mutation]
 20542 | Lair:4   | Upgraded the game from 0.32-a0-996-gb3226c2 to
                  | 0.32-a0-999-gfa1cc04
 20704 | D:4      | Fell from the grace of Okawaru
 20704 | D:4      | Became a worshipper of the Shining One
 20984 | Crypt:1  | Entered Level 1 of the Crypt
 21034 | Crypt:1  | Reached * piety under the Shining One
 21199 | Crypt:2  | Reached ** piety under the Shining One
 21267 | Crypt:3  | Entered Level 3 of the Crypt
 21303 | Crypt:3  | Reached *** piety under the Shining One
 21385 | Crypt:3  | Reached **** piety under the Shining One
 21428 | Crypt:2  | Noticed Ohee's ghost (veteran KoDe)
 21431 | Crypt:2  | Found a runed translucent gate.
 21431 | Crypt:2  | Found a runed translucent gate.
 21431 | Crypt:2  | Found a runed translucent gate.
 21461 | Crypt:3  | Found a staircase to the Tomb.
 21461 | Crypt:3  | Reached ***** piety under the Shining One
 21519 | Crypt:3  | Identified the staff of the Shouting King {rC+ rN+++ Int-4
                  | Ice}
 21519 | Crypt:3  | Identified the ring "Decruh" {Ice rPois Str-5 Int+5}
 21519 | Crypt:3  | Noticed Josephina
 21531 | Crypt:3  | Killed Josephina
 21612 | Crypt:3  | Noticed Grunn
 21627 | Crypt:3  | Reached ****** piety under the Shining One
 21644 | Crypt:3  | Killed Grunn
 21654 | Crypt:3  | Reached XP level 27. HP: 166/166 MP: 47/47
 21657 | Crypt:3  | Reached skill level 15 in Invocations
 21658 | Crypt:3  | Reached skill level 15 in Spellcasting
 21661 | Crypt:3  | Identified a +9 executioner's axe of holy wrath (a +9
                  | vampiric executioner's axe blessed by the Shining One)
 21661 | Crypt:3  | Received a gift from the Shining One
 21675 | Crypt:3  | Found an ancient bone altar of Kikubaaqudgha.
 21721 | Crypt:3  | Got the Tome of Corpses
 21722 | Crypt:3  | Identified the +10 sling of Tuutzeb {flame, rF+ rN+ Dex+4}
 21724 | Crypt:3  | Got an ivory gem with 1124 turns to spare
 22041 | Crypt:2  | Killed Ohee's ghost
 22059 | Crypt:2  | Identified the +6 scimitar "Kanwiam" {pain, ^Drain Dex+4}
 22453 | Pan      | Entered Pandemonium
 22777 | Pan      | Found an opulent altar of Gozag.
 22793 | Pan      | Found Naleoqutz's Assorted Sundries.
 22794 | Pan      | Lost mutation: You have an increased reservoir of magic.
                  | (+10% MP) [a cacodemon]
 22888 | Pan      | Found Naleoqutz's Fine Accessories.
 22898 | Pan      | Found an opulent altar of Gozag.
 22908 | Pan      | Noticed a dread lich
 22912 | Pan      | Found Naleoqutz's Book Emporium.
 22912 | Pan      | Noticed a dread lich
 22913 | Pan      | Noticed Naleoqutz the pandemonium lord
 22914 | Pan      | Killed a dread lich
 22924 | Pan      | Killed a dread lich
 22929 | Pan      | Killed Naleoqutz the pandemonium lord
 22934 | Pan      | Bought a scroll of blinking for 135 gold pieces
 22942 | Pan      | Found an opulent altar of Gozag.
 22970 | Pan      | Bought a wand of digging (4) for 268 gold pieces
 22970 | Pan      | Bought a wand of acid (5) for 336 gold pieces
 22975 | Pan      | Found Naleoqutz's Demonic Rune Hoard.
 22982 | Pan      | Bought a manual of Ranged Weapons for 1600 gold pieces
 23150 | Pan      | Found an exit through the horrors of the Abyss.
 23187 | Pan      | Noticed Ushot the pandemonium lord
 23191 | Pan      | Killed Ushot the pandemonium lord
 23342 | Pan      | Noticed Hokifre Ceotz the pandemonium lord
 23383 | Pan      | Killed Hokifre Ceotz the pandemonium lord
 23448 | Pan      | Got a demonic rune of Zot
 23532 | Pan      | Found an exit through the horrors of the Abyss.
 23580 | Pan      | Entered the realm of Mnoleg.
 23589 | Pan      | Gained mutation: You occasionally lose the ability to read
                  | scrolls when taking damage. [a cacodemon]
 23613 | Pan      | Noticed Mnoleg
 23641 | Pan      | Killed Mnoleg
 23650 | Pan      | Gained mutation: You sometimes lose the ability to read
                  | scrolls when taking damage. [a neqoxec]
 23665 | Pan      | Got a glowing rune of Zot
 23714 | Pan      | Reached skill level 25 in Axes
 23726 | Pan      | Gained mutation: You sometimes lose the ability to drink
                  | potions when taking damage. [a cacodemon]
 23800 | Pan      | Entered the realm of Cerebov.
 23816 | Pan      | Lost mutation: You sometimes lose the ability to read
                  | scrolls when taking damage. [potion of mutation]
 23816 | Pan      | Lost mutation: [Your body sometimes deteriorates upon
                  | taking damage.] [potion of mutation]
 23816 | Pan      | Lost mutation: You sometimes lose the ability to drink
                  | potions when taking damage. [potion of mutation]
 23816 | Pan      | Gained mutation: You are partially covered in iridescent
                  | scales. (AC +2) [potion of mutation]
 23816 | Pan      | Gained mutation: You are robust. (+10% HP) [potion of
                  | mutation]
 23817 | Pan      | Lost mutation: Armour fits poorly on your strangely shaped
                  | body. [potion of mutation]
 23817 | Pan      | Lost mutation: You occasionally lose the ability to read
                  | scrolls when taking damage. [potion of mutation]
 23817 | Pan      | Lost mutation: You are robust. (+10% HP) [potion of
                  | mutation]
 23817 | Pan      | Gained mutation: You have a pair of small horns on your
                  | head. [potion of mutation]
 23817 | Pan      | Gained mutation: Your flesh is cold resistant. (rC+)
                  | [potion of mutation]
 23982 | Pan      | Found the +6 sword of Cerebov {flame}
 23982 | Pan      | Noticed Cerebov
 24004 | Pan      | Killed Cerebov
 24014 | Pan      | Got the Compilation of Pollution
 24018 | Pan      | Got Bool's Tractate on the Escort and the Torch
 24023 | Pan      | Identified the +1 leather armour of Hedging {*Slow rElec
                  | rN+ MP+9}
 24065 | Pan      | Identified the amulet of the Fool {Faith rN+ Dex+3}
 24094 | Pan      | Identified the +3 morningstar "Ozekh" {flame, rPois rCorr
                  | MP-9 Int+5}
 24113 | Pan      | Identified the +0 spear of the Gazing Fox {protect, *Slow
                  | Str+10}
 24128 | Pan      | Was forgiven by Okawaru
 24201 | Pan      | Got a fiery rune of Zot
 24516 | Pan      | Entered the realm of Gloorx Vloq.
 24575 | Pan      | Noticed Mennas
 24600 | Pan      | Killed Mennas
 24754 | Pan      | Reached skill level 26 in Axes
 24933 | Pan      | Noticed Gloorx Vloq
 24947 | Pan      | Killed Gloorx Vloq
 24971 | Pan      | Got a dark rune of Zot
 25160 | Pan      | Entered the realm of Lom Lobon.
 25160 | Pan      | Noticed Lom Lobon
 25171 | Pan      | Killed Lom Lobon
 25221 | Pan      | Got a magical rune of Zot
 25367 | Pan      | Found an exit through the horrors of the Abyss.
 25376 | Pan      | Took an exit into the Abyss.
 25376 | Abyss:2  | Escaped into the Abyss
 25467 | Abyss:4  | Got an abyssal rune of Zot
 25578 | Abyss:4  | Reached skill level 27 in Axes
 25627 | Abyss:4  | Found a corrupted altar of Lugonu.
 25636 | Abyss:4  | Found a corrupted altar of Lugonu.
 25647 | Depths:2 | Escaped the Abyss
 25651 | Hell     | Entered the Vestibule of Hell
 25651 | Hell     | Noticed Geryon
 25664 | Hell     | Killed Geryon
 25682 | Hell     | Noticed a dread lich
 25699 | Hell     | Killed a dread lich
 25762 | Hell     | Found a gateway to the Iron City of Dis.
 25823 | Dis:1    | Entered Level 1 of the Iron City of Dis
 25952 | Dis:2    | You are sucked into a shaft and drop 1 floor!
 25975 | Dis:3    | Noticed an ancient lich
 25987 | Dis:3    | Killed an ancient lich
 26058 | Dis:3    | Noticed a dread lich
 26058 | Dis:3    | Noticed a dread lich
 26058 | Dis:3    | Noticed a dread lich
 26069 | Dis:3    | Killed a dread lich
 26072 | Dis:3    | Killed a dread lich
 26074 | Dis:3    | Killed a dread lich
 26282 | Dis:4    | Noticed an ancient lich
 26294 | Dis:4    | Killed an ancient lich
 26356 | Dis:5    | HP: 7/168 [iron giant/+0 giant spiked club (33)]
 26357 | Dis:5    | Annihilated by an iron giant

Illustrated notes

Levels and vault maps discovered:
D:1:      dpeg_arrival_round_a, layout_loops_ring
D:2:      layout_loops_ring, minmay_divided_ellipse
D:3:      layout_basic, uniq_terence
D:4:      layout_rooms, overflow_temple_1_default, grunt_temple_overflow_open,
          item_on_display_a
D:5:      layout_cave_pools, gammafunk_ghost_grave, minmay_holes,
          kennysheep_generic_room_4
D:6:      black_bear_nest_1, layout_loops_corners, temple_hall, serial_shops,
          shop, uniq_jeremiah
D:7:      layout_basic, nicolae_beast_mode
D:8:      layout_loops_cross, serial_shops, nicolae_shop_peninsula,
          nicolae_shop_window_shopping, nicolae_shop_tiny_glass, shop, shop,
          uniq_erica
D:9:      layout_grid_maze, erik_lair_orcish_takeover
D:10:     layout_rooms, mainiacjoe_overflow_boulevard, serial_shops,
          shop_statue, uniq_fannar, uniq_urug
D:11:     layout_irregular_city, erik_orc_4
D:12:     layout_gridville, nicolae_trove_entry_path_of_doom,
          trog_three_pillars_becter
D:13:     layout_basic, hellmonk_vaults_order_and_chaos, gauntlet_entry_generic,
          serial_shops, shop_scrolls
D:14:     layout_big_octagon, grunt_decor_cap, lightli_corner_chamber,
          uniq_snorg
D:15:     grunt_enter_depths_giant_problem, layout_loops_cross, fountainhead,
          nooodl_orcs_dogs
Temple:   eino_wide_crystal_templ
Lair:1:   layout_small_grid, serial_rivers, chequers_serial_rivers_room_a,
          chequers_serial_rivers_small_3, chequers_serial_rivers_large_b,
          chequers_serial_rivers_micro_c, serial_bayou_pond_b, uniq_gastronok,
          uniq_maggie
Lair:2:   layout_gridlike, nicolae_spider_entry_non_spiders, st_stairs_10,
          infiniplex_staircase_pool, serial_bayou_shore_a, lemuel_fruit_fields
Lair:3:   kb_forest_paths, layout_loops_ring, beast_lair_carwin_2, uniq_amaemon
Lair:4:   layout_roguey, slime_entry_1, guppyfry_lair_drakes
Lair:5:   evilmike_catoblepas_cave, layout_cellular_growth, gammafunk_ghost_ooze
Shoals:1: layout_shoals
Shoals:2: cheibrodos_shoals_three_sisters, layout_shoals, serial_shops,
          nicolae_shop_mannequins
Shoals:3: dreamdust_from_the_deep, layout_shoals, nzn_prometheus_bound,
          uniq_polyphemus
Shoals:4: shoals_end_hellmonk_lost_city
Spider:1: layout_spider_delve, uniq_azrael
Spider:2: layout_spider_delve, uniq_asterion
Spider:3: spider_temple_joshua, nicolae_spider_solar_radiation
Spider:4: grunt_spider_rune_circles
Slime:1:  layout_caves
Slime:2:  layout_caves
Slime:3:  layout_caves
Slime:4:  layout_caves
Slime:5:  slime_pit_nicolae_inversion
Orc:1:    gammafunk_beogh_shrine, layout_caves, nicolae_orc_tapped_out
Orc:2:    st_orc_pillars, layout_diamond_mine, ebering_ghost_gozag, uniq_nessos
Elf:1:    layout_gridlike, serial_shops, shop, serial_library,
          serial_library_hellmonk_semicircle,
          serial_library_hellmonk_angled_corner,
          serial_library_regret_index_double_sided,
          serial_library_regret_index_boxing, serial_library_hellmonk_room_c,
          serial_library_regret_index_boxing, minmay_elf_necromancy, uniq_agnes,
          uniq_norris
Elf:2:    nicolae_elf_blades_crystal_corner, layout_rooms,
          portal_ice_cave_entry_ice_simulacra, serial_shops,
          nicolae_shop_behind_doors, nicolae_elf_archery_training, uniq_jorgrun
Elf:3:    grunt_elf_hall_branching, layout_loops_cross
Vaults:1: nicolae_vaults_closet_pinwheel_2, nicolae_vaults_stairing_the_circle,
          nicolae_vaults_back_hallway, nicolae_vaults_circle_grid_b,
          nicolae_vaults_big_ls, v_misc_9, nicolae_vaults_spaceships,
          dpeg_vaults_hating_casters, v_alt_pattern_6, nicolae_vaults_tangram_1,
          nicolae_vaults_trapezoid_3, nicolae_vaults_house_2,
          nicolae_vaults_tetromino_L_1, layout_vaults_ring, uniq_donald,
          uniq_boris, uniq_nikola
Vaults:2: mu_enter_wizlab_4, nicolae_vaults_variable_pillar_hall,
          nicolae_vaults_specimen_jars, st_octagons_2, vaults_room_door_hall,
          nicolae_vaults_two_Ls, nicolae_vaults_cochlea,
          nicolae_vaults_hallways_thing, nicolae_vaults_little_squares_1,
          vaults_room_grid, grunt_vaults_focal, serial_ice_h, v_misc_31,
          layout_vaults_omnibox
Vaults:3: vaults_standard_mumra_x, nicolae_vaults_trapezoid_4,
          serial_library_hellmonk_open_cross, nicolae_vaults_cochlea,
          vaults_mumra_hexcomb, minmay_crypt_entry_simple_plaza, st_squares,
          nicolae_vaults_disjoint_gnomons, hangedman_vaults_unwind,
          nicolae_vaults_little_squares_3, dpeg_vaults_monster_box,
          lightli_orcish_oven, layout_vaults_maze_bifur
Vaults:4: ontoclasm_vaults_hangar, nicolae_vaults_taking_the_gang_shopping,
          st_greater_box_5, v_rooms_4, vaults_mumra_hex,
          nicolae_vaults_trapezoid_lopsided_3, hangedman_vaults_hat,
          nicolae_vaults_more_shelving_1, layout_vaults_omnigrid, serial_shops,
          shop, uniq_mara
Vaults:5
Crypt:1:  layout_rooms, grunt_megastairs_2, grunt_crypt_arrival_split
Crypt:2:  layout_gridlike, gammafunk_ghost_split
Crypt:3:  church_of_pain_bobbens, layout_chaotic_city,
          nicolae_tomb_entry_unfolded_pyramid_diagonal, minmay_misc_feat_cross,
          uniq_grunn, uniq_josephina
Depths:1: kennysheep_blocky_hall, layout_basic, enter_ziggurat_b,
          minmay_tree_intersection, hell_entry, cheibrodos_lost_city_excavation
Depths:2: hangedman_slaughterboxes, hell_entry, abyss_entry, pan_entry
Depths:3: minmay_three_patterns, layout_basic, hell_entry,
          infiniplex_staircase_zigzag_5, regret_index_abyss_entry_earlier_magic,
          serial_shops, statue_bzr, nicolae_shop_vocational, uniq_vv
Depths:4: grunt_zot_entry_gee_three, layout_cave_shapes,
          nicolae_uskayaw_dance_hall, hell_entry, minmay_shop_grove
Hell
Dis:1:    layout_subdivisions, glass_columns_b
Dis:2:    layout_subdivisions, nicolae_dis_grated_feature
Dis:3:    layout_gridville, nicolae_dis_liches_on_tour
Dis:4:    layout_subdivisions, nicolae_dis_fourth_circle
Dis:5:    layout_subdivisions
Zot:1:    layout_cellular_growth, grunt_megastairs_1,
          regret_index_zotdec_banners
Zot:2:    layout_cathedral_of_symmetry, st_single_dragon_hoard_1, st_stairs_4
Zot:3:    layout_basic, zot_minivault_7
Zot:4:    layout_cathedral_of_symmetry
Zot:5:    layout_gridville, st_stairs_1

Skill      XL: |  1  2  3  4  5  6  7  8  9 10 11 12 13 14 15 16 17 18 19 20 21 22 23 24 25 26 27 |
---------------+----------------------------------------------------------------------------------+-----
Fighting       | 2 3 4 5 6 8 9 10 11 12 13 14 15 16 17 18 19 20 21 22 24 | 24.8
Axes           | 1 2 3 4 5 7 9 11 12 14 15 17 18 19 20 21 22 23 24 27 | 27.0
Spellcasting   | 1 2 3 4 6 8 9 10 12 13 14 16 | 16.0
Invocations    | 2 3 4 6 8 9 10 11 12 13 14 20 | 20.8
Armour         | 2 4 5 6 8 9 10 11 12 13 15 16 18 | 18.0
Dodging        | 3 4 5 7 8 9 11 12 14 | 14.9
Short Blades   | |  1.7
Throwing       | |  1.7
Stealth        | |  4.8

Action                     |  1- 3 |  4- 6 |  7- 9 | 10-12 | 13-15 | 16-18 | 19-21 | 22-24 | 25-27 || total
---------------------------+-------+-------+-------+-------+-------+-------+-------+-------+-------++-------
  Melee: Dagger            |    67 |    81 |     2 |       |       |       |       |       |       ||   150
         Bite              |    19 |    28 |    69 |   125 |   231 |   230 |   412 |   406 |  1017 ||  2537
         Short sword       |       |    24 |     1 |       |       |       |       |       |       ||    25
         War axe           |       |       |   213 |   240 |       |       |       |       |       ||   453
         Battleaxe         |       |       |       |    98 |    76 |       |       |       |       ||   174
         Eveningstar       |       |       |       |     5 |     4 |       |       |       |       ||     9
         Executioner's axe |       |       |       |       |   466 |   601 |   859 |   797 |  1831 ||  4554
         Unarmed           |       |       |       |       |       |       |       |     5 |       ||     5
         Headbutt          |       |       |       |       |       |       |       |       |   248 ||   248
  Throw: Dart              |       |    20 |       |    22 |       |     1 |       |       |       ||    43
 Invoke: Heroism           |       |       |     2 |     9 |    13 |    12 |     9 |     9 |     4 ||    58
         Receive Weapon    |       |       |       |       |     1 |       |       |       |       ||     1
         Receive Armour    |       |       |       |       |     1 |       |       |       |       ||     1
         Finesse           |       |       |       |       |       |       |     1 |     3 |     3 ||     7
         Divine Shield     |       |       |       |       |       |       |       |       |     5 ||     5
         Brand Weapon With |       |       |       |       |       |       |       |       |     1 ||     1
  Evoke: Wand              |       |       |     1 |       |     2 |     8 |    14 |       |    11 ||    36
    Use: Scroll            |       |       |    15 |    11 |     8 |     4 |     4 |     6 |    13 ||    61
         Potion            |       |       |       |     1 |       |     1 |       |     1 |     9 ||    12
   Stab: Sleeping          |     5 |     2 |     7 |     1 |       |       |       |       |       ||    15
         Paralysed         |       |       |     4 |       |       |     2 |     2 |       |       ||     8
         Distracted        |       |       |       |       |       |     1 |       |       |       ||     1
         Petrified         |       |       |       |       |       |       |     6 |       |       ||     6
         Petrifying        |       |       |       |       |       |       |     2 |       |       ||     2
 Armour: Leather armour    |    31 |    47 |     2 |       |       |       |       |       |       ||    80
         Ring mail         |       |       |    95 |   106 |       |       |       |       |       ||   201
         Chain mail        |       |       |   113 |   213 |   539 |   387 |       |       |       ||  1252
         Crystal plate arm |       |       |       |       |       |   357 |   978 |   566 |       ||  1901
         Skin              |       |       |       |       |       |       |       |    10 |       ||    10
         Gold dragon scale |       |       |       |       |       |       |       |   169 |  1446 ||  1615
  Dodge: Dodged            |    31 |    31 |   103 |   163 |   416 |   511 |   677 |   602 |  1268 ||  3802
         Repelled          |       |       |       |       |    27 |    74 |    75 |    78 |    93 ||   347
  Block: Other             |       |    16 |    49 |    66 |    27 |       |       |       |    56 ||   214
         Reflection        |       |       |     3 |     2 |       |       |       |       |       ||     5

Table legend: (Time is in decaauts)
 A = Elapsed time spent in this place.
 B = Non-inter-level travel time spent in this place.
 C = Inter-level travel time spent in this place.
 D = Time resting spent in this place.
 E = Time spent auto-exploring this place.
 F = Levels seen in this place.
 G = Mean time per level.
                   A        B        C        D        E       F      G
               +--------+--------+--------+--------+--------+-----+--------+
         Total |  25530 |  22653 |   2877 |    333 |     97 |  88 |  290.1 |
       Dungeon |   7904 |   6084 |   1820 |      0 |     97 |  15 |  526.9 |
        Temple |     26 |     26 |      0 |      0 |      0 |   1 |   26.0 |
          Lair |   2345 |   2033 |    312 |      0 |      0 |   5 |  469.0 |
        Shoals |    898 |    861 |     37 |      0 |      0 |   4 |  224.5 |
   Spider Nest |   1470 |   1400 |     70 |     42 |      0 |   4 |  367.5 |
    Slime Pits |    938 |    934 |      4 |    186 |      0 |   5 |  187.6 |
  Orcish Mines |    965 |    836 |    129 |      0 |      0 |   2 |  482.5 |
   Elven Halls |   1123 |   1055 |     68 |      0 |      0 |   3 |  374.3 |
        Vaults |   1671 |   1401 |    270 |      3 |      0 |   5 |  334.2 |
         Crypt |   1126 |   1104 |     22 |      0 |      0 |   3 |  375.3 |
        Depths |   1158 |   1031 |    127 |      0 |      0 |   4 |  289.5 |
          Hell |    145 |    145 |      0 |      0 |      0 |   1 |  145.0 |
           Dis |    475 |    475 |      0 |     59 |      0 |   5 |   95.0 |
           Zot |   1128 |   1111 |     17 |     28 |      0 |   5 |  225.6 |
         Abyss |    401 |    401 |      0 |      0 |      0 |   5 |   80.2 |
   Pandemonium |   2675 |   2675 |      0 |     15 |      0 |  16 |  167.2 |
        Bazaar |     55 |     55 |      0 |      0 |      0 |   1 |   55.0 |
         Trove |     64 |     64 |      0 |      0 |      0 |   1 |   64.0 |
      Ice Cave |    328 |    328 |      0 |      0 |      0 |   1 |  328.0 |
        Wizlab |    299 |    299 |      0 |      0 |      0 |   1 |  299.0 |
      Gauntlet |    325 |    325 |      0 |      0 |      0 |   1 |  325.0 |
               +--------+--------+--------+--------+--------+-----+--------+

Top non-repeatable levels by time:
     D:9: 1200 daAuts
  Lair:5: 900 daAuts
    D:12: 743 daAuts
 Slime:5: 726 daAuts
Vaults:5: 721 daAuts
     D:6: 710 daAuts
 Crypt:3: 650 daAuts
     D:7: 597 daAuts
Spider:3: 597 daAuts
   Orc:2: 594 daAuts
     D:5: 592 daAuts
   Elf:3: 581 daAuts
    D:10: 566 daAuts
Spider:4: 528 daAuts
    D:15: 513 daAuts
